 Dungeon Crawl Stone Soup version 0.30-a0-12-gd8047c6341 (webtiles) character file.

Game seed: 14990472178063288052

287 QueenGhuleh the Chopper (level 6, -1/56 HPs)
             Began as a Minotaur Berserker on Aug 23, 2022.
             Was a Believer of Trog.
             Succumbed to Sigmund's poison
             ... on level 3 of the Dungeon.
             The game lasted 00:03:53 (2097 turns).

QueenGhuleh the Chopper (Minotaur Berserker)        Turns: 2097, Time: 00:03:53

Health: -1/56      AC:  9    Str: 23    XL:     6   Next: 8%
Magic:  5/5        EV:  8    Int:  4    God:    Trog [**....]
Gold:   124        SH:  0    Dex: 10    Spells: 5/5 levels left

rFire   . . .      SeeInvis .    a - +0 hand axe
rCold   . . .      Faith    .    (no shield)
rNeg    . . .      Spirit   .    j - +0 chain mail
rPois   .          Reflect  .    (helmet restricted)
rElec   .          Harm     .    (no cloak)
rCorr   .          Rampage  .    (no gloves)
Will    .....                    (no boots)
Stlth   ..........               (no amulet)
HPRegen 0.18/turn                (no ring)
MPRegen 0.09/turn                (no ring)

@: lethally poisoned (-1 -> -6), on berserk cooldown, slowed, very slow
A: horns 2, retaliatory headbutt
a: Renounce Religion, Berserk, Trog's Hand


You were on level 3 of the Dungeon.
You worshipped Trog.
Trog was pleased with you.
You visited 1 branch of the dungeon, and saw 3 of its levels.

You collected 124 gold pieces.

Inventory:

Hand Weapons
 a - a +0 hand axe (weapon)
Armour
 j - a +0 chain mail (worn)
Scrolls
 c - 2 scrolls of vulnerability {unknown}
 f - 3 scrolls of fear {unknown}
 g - a scroll of amnesia {unknown}
 h - a scroll of poison {unknown}
 k - a scroll of brand weapon {unknown}
 l - a scroll of teleportation {unknown}
 m - 2 scrolls of identify {unknown}
 n - a scroll of acquirement {unknown}
 p - a scroll of immolation {unknown}
Potions
 b - 3 potions of curing {unknown}
 d - 3 potions of might {unknown}
 e - 2 potions of heal wounds {unknown}
 i - a potion of berserk rage {unknown}
 o - a potion of mutation {unknown}
 q - a potion of magic {unknown}


   Skills:
 + Level 5.0 Fighting
 + Level 6.0 Axes
 + Level 4.6 Armour
 + Level 2.6 Dodging
 + Level 0.2 Stealth


You had 5 spell levels left.
You didn't know any spells.
Your spell library was empty.

Dungeon Overview and Level Annotations

Branches:
Dungeon (3/15)

Altars:
Makhleb


Innate Abilities, Weirdness & Mutations

You have a pair of horns on your head.
You reflexively headbutt those who attack you in melee.


Message History

You are too injured to fight recklessly!
A red film seems to cover your vision as you go berserk!
You feel yourself moving faster!
You feel mighty!
You feel sick. Sigmund hits you but does no damage.
You are more poisoned.
You closely miss Sigmund. Your headbutt misses Sigmund.
Sigmund is severely wounded.
You feel very sick.
Sigmund hits you with a +2 scythe of venom!
You are lethally poisoned!
You barely miss Sigmund. Your headbutt misses Sigmund.
Sigmund is severely wounded.
* * * LOW HITPOINT WARNING * * *
You feel very sick.
You barely miss Sigmund.
Sigmund is severely wounded.
* * * LOW HITPOINT WARNING * * *
You feel very sick. Sigmund barely misses you. You furiously retaliate!
You headbutt Sigmund!
You kill Sigmund!
Trog accepts your kill.
Trog appreciates your killing of a magic user.
Your Fighting skill increases to level 5!
Your Axes skill increases to level 6!
Your Armour skill increases to level 4!
You have reached level 6!
* * * LOW HITPOINT WARNING * * *
You feel very sick.
You feel a strong urge to attack something.
* * * LOW HITPOINT WARNING * * *
You feel very sick.
You are no longer berserk.
You are exhausted.
You feel yourself slow down.
* * * LOW HITPOINT WARNING * * *
You feel sick.
* * * LOW HITPOINT WARNING * * *
You feel very sick.
* * * LOW HITPOINT WARNING * * *
You feel very sick.
You die...

..####..#.#
###.#...#.......
..........#
##.##..#.....#.
#.####..### #........##.##
#..# #.##.##....... ....#
#.#.....#..##.# ####.#
#.......#...# # ..#
#.#...#.......
#############?##.##.#...#.
......)@.........# .##
####.#######.###.. . .# #
#


There were no monsters in sight!

Vanquished Creatures
  Sigmund (D:3)
  Terence (D:2)
  Natasha (twice) (D:2)
  3 adders
  A worm (D:2)
  A dart slug (D:1)
  3 bats
  2 endoplasms
  A giant cockroach (D:2)
  9 hobgoblins
  2 quokkas (D:1)
  2 ball pythons
  A frilled lizard (D:3)
  4 kobolds
  2 rats (D:1)
35 creatures vanquished.

Notes
Turn   | Place    | Note
-------+----------+-------------------------------------------
     0 | D:1      | QueenGhuleh the Minotaur Berserker began the quest for the
                  | Orb.
     0 | D:1      | Reached XP level 1. HP: 19/19 MP: 0/0
   445 | D:1      | Reached XP level 2. HP: 22/27 MP: 1/1
   546 | D:1      | Noticed a great orb of eyes
   547 | D:1      | Found a faded altar of an unknown god.
   592 | D:1      | Noticed a floating eye
   592 | D:1      | Noticed a great orb of eyes
   592 | D:1      | Noticed a great orb of eyes
   598 | D:1      | Reached skill level 4 in Axes
  1058 | D:2      | Noticed Terence
  1065 | D:2      | Killed Terence
  1066 | D:2      | Reached XP level 3. HP: 34/34 MP: 2/2
  1427 | D:2      | Reached XP level 4. HP: 36/41 MP: 3/3
  1489 | D:2      | Reached ** piety under Trog
  1620 | D:2      | Noticed Natasha
  1635 | D:2      | Killed Natasha
  1704 | D:2      | Noticed Natasha
  1709 | D:2      | Killed Natasha
  1710 | D:2      | Reached skill level 5 in Axes
  2015 | D:3      | Found a burning altar of Makhleb.
  2016 | D:3      | Noticed a blizzard demon
  2037 | D:3      | Reached XP level 5. HP: 47/47 MP: 4/4
  2080 | D:3      | Noticed Sigmund
  2091 | D:3      | Killed Sigmund
  2092 | D:3      | Reached skill level 5 in Fighting
  2092 | D:3      | Reached skill level 6 in Axes
  2092 | D:3      | Reached XP level 6. HP: 19/56 MP: 5/5
  2096 | D:3      | HP: 1/56 [poisoned by Sigmund]
  2097 | D:3      | Succumbed to Sigmund's poison

Illustrated notes

Levels and vault maps discovered:
D:1:      shiori_arrival_oz, layout_loops_ring,
          hellmonk_ecumenical_altar_watching_god
D:2:      layout_rooms, serial_co_window_serial, co_window_of_opportunity_a,
          co_window_paths_b, co_window_paths_a, co_window_cross_1,
          co_window_cross_1, co_window_corner_cb, co_window_corner_b,
          co_window_corner_cb, co_window_unsneaky_path_b, co_window_corner_cb,
          glass_columns_b, uniq_natasha, uniq_terence
D:3:      layout_loops_ring, makhleb_altar_promises_db, minitemple,
          serial_park_tiny_1, minmay_stone_trees_small,
          hangedman_decor_clover_reticule, st_stairs_8, uniq_sigmund

Skill      XL: |  1  2  3  4  5 |
---------------+----------------+-----
Fighting       | 4 5 |  5.0
Axes           | 4 5 6 |  6.0
Armour         | 3 4 |  4.6
Dodging        | |  2.6
Stealth        | |  0.2

Action                   |  1- 3 |  4- 6 || total
-------------------------+-------+-------++-------
Melee: Hand axe          |    72 |    33 ||   105
       Headbutt          |     6 |     3 ||     9
Invok: Berserk           |     1 |     1 ||     2
Armor: Ring mail         |    14 |       ||    14
       Animal skin       |     1 |       ||     1
       Chain mail        |    16 |    19 ||    35
Dodge: Dodged            |    30 |     9 ||    39

Table legend: (Time is in decaauts)
 A = Elapsed time spent in this place.
 B = Non-inter-level travel time spent in this place.
 C = Inter-level travel time spent in this place.
 D = Time resting spent in this place.
 E = Time spent auto-exploring this place.
 F = Levels seen in this place.
 G = Mean time per level.
                   A        B        C        D        E       F      G
               +--------+--------+--------+--------+--------+-----+--------+
         Total |   2135 |   2055 |     80 |      0 |   1726 |   3 |  711.7 |
       Dungeon |   2135 |   2055 |     80 |      0 |   1726 |   3 |  711.7 |
               +--------+--------+--------+--------+--------+-----+--------+

Top non-repeatable levels by time:
     D:1: 977 daAuts
     D:2: 973 daAuts
     D:3: 184 daAuts
